 Dungeon Crawl Stone Soup version 0.18-b1-14-g029dad2 (webtiles) character file.

121 juanjsm the Sneak (level 4, -1/21 HPs)
             Began as a Spriggan Enchanter on Apr 30, 2016.
             Slain by Terence
             ... wielding a +0 mace
              (8 damage)
             ... on level 3 of the Dungeon.
             The game lasted 00:08:27 (1825 turns).

juanjsm the Sneak (Spriggan Enchanter)              Turns: 1825, Time: 00:08:28

Health: -1/21      AC:  2    Str:  4    XL:     4   Next: 77%
Magic:  1/10       EV: 19    Int: 17    God:
Gold:   127        SH:  0    Dex: 16    Spells: 4 memorised, 1 level left

rFire  . . .     SeeInvis +     a - +1 dagger
rCold  . . .     Gourm    .     j - +0 robe (curse)
rNeg   . . .     Faith    .     (shield restricted)
rPois  .         Spirit   .     (helmet restricted)
rElec  .         Dismiss  .     (no cloak)
rCorr  .         Reflect  .     (gloves unavailable)
SustAt .         Harm     .     (boots unavailable)
MR     .....                    (no amulet)
Stlth  ++++......               (no ring)
                                (no ring)

@: very quick, not resistant to hostile enchantments, stealthy
A: unfitting armour, see invisible, herbivore 3, speed 3, slow metabolism 2
a: no special abilities


You were on level 3 of the Dungeon.
You were very hungry.

You visited 1 branch of the dungeon, and saw 4 of its levels.

You collected 127 gold pieces.

Inventory:

Hand Weapons
 a - a +1 dagger (weapon)
Armour
 b - a +1 robe
 j - a cursed +0 robe (worn)
Wands
 m - a wand of disintegration (9/24)
 n - a wand of confusion (27/48)
Scrolls
 g - a scroll of immolation {unknown}
 h - a scroll of fog {unknown}
 i - 5 scrolls of teleportation {unknown}
 k - 2 scrolls of identify {unknown}
 l - a scroll of blinking {unknown}
Potions
 e - 2 potions of heal wounds {unknown}
 f - 2 potions of resistance {unknown}
 o - a potion of degeneration {unknown}
 q - a potion of might {unknown}
Books
 c - a book of Maledictions

   Spells                             Type                      Level
   a - Corona                         Hexes                        1
   b - Ensorcelled Hibernation        Hexes/Ice                    2
   c - Confuse                        Hexes                        3
   d - Tukima's Dance                 Hexes                        3
   e - Dazzling Spray                 Conjuration/Hexes            3
Comestibles
 d - 2 bread rations
 p - a fruit


   Skills:
 + Level 0.2 Fighting
 + Level 1.4 Short Blades
 + Level 3.8 Dodging
 + Level 6.1 Stealth
 + Level 3.5 Spellcasting
 + Level 4.2 Hexes
 + Level 1.0 Ice Magic


You had one spell level left.
You knew the following spells:

 Your Spells              Type           Power        Failure   Level  Hunger
a - Corona                Hex            ###....      2%          1    None
b - Ensorcelled Hibernat  Hex/Ice        ##....       10%         2    ##.....
c - Confuse               Hex            ###.....     10%         3    ###....
d - Dazzling Spray        Conj/Hex       ##......     21%         3    ###....


Dungeon Overview and Level Annotations

Branches:
Dungeon (4/15)
 Temple: D:4-7

Altars:

Annotations:
D:3 Natasha, Terence


Innate Abilities, Weirdness & Mutations

You are tiny and cannot use many weapons and most armour.
You have supernaturally acute eyesight.
You are a herbivore.
You cover ground extremely quickly.
You need consume almost no food.


Message History

You impale the goblin!!
You kill the goblin!
You feel yourself speed up.
Terence zaps a wand.
You easily resist.
Casting: Ensorcelled Hibernation
Confirm with . or Enter, or press ? or * to list all spells.
Aiming: Ensorcelled Hibernation
Press: ? - help, Shift-Dir - straight line, f - Terence
Aim: Terence, wielding a mace, wearing a ring mail and carrying a wand of slowing {zapped: 4} (chance to defeat MR: 50%)
Okay, then.
Casting: Ensorcelled Hibernation
Confirm with . or Enter, or press ? or * to list all spells.
Aiming: Ensorcelled Hibernation
Press: ? - help, Shift-Dir - straight line, f - Terence
Aim: Terence, wielding a mace, wearing a ring mail and carrying a wand of slowing {zapped: 4} (chance to defeat MR: 50%) Terence looks drowsy...
You are feeling very hungry.
Terence shouts!
Terence hits you with a mace!
You die...

##### ####.#.#####
#.#.# # #.#.# .#
#########.#.# #.#
#.........#.#####..
#.#########...##.# #
#.# #.#.)..# .#
##.#########..@##.###.#
#............@####...#
#..##.###.#########g##
#....%# #.....@.g..#.#
#....@###.........###.#
#.#.#..)..########.# ##
#.#.#####.#
#.########## #.#.# #.#
#..<........ #.#. #.#
#..^..######### #. #.#
#.....# #.


You could see Terence.

Vanquished Creatures
  3 adders
  An ooze (D:3)
  5 worms
  2 dart slugs
  3 giant geckos
  8 orcs (D:3)
  4 giant cockroaches
  4 goblins
  10 hobgoblins
  A quokka (D:2)
  7 bats
  2 giant newts (D:1)
  7 kobolds
  5 rats
62 creatures vanquished.

Notes
Turn   | Place    | Note
--------------------------------------------------------------
     0 | D:1      | juanjsm the Spriggan Enchanter began the quest for the Orb.
     0 | D:1      | Reached XP level 1. HP: 9/9 MP: 5/5
   225 | D:1      | Reached XP level 2. HP: 8/13 MP: 6/6
   229 | D:1      | Learned a level 2 spell: Ensorcelled Hibernation
   689 | D:2      | Reached XP level 3. HP: 16/16 MP: 6/8
   694 | D:2      | Learned a level 3 spell: Confuse
   716 | D:2      | Reached skill level 5 in Stealth
   982 | D:3      | Noticed Natasha
  1148 | D:3      | Reached XP level 4. HP: 21/21 MP: 4/9
  1153 | D:3      | Learned a level 3 spell: Dazzling Spray
  1589 | D:3      | Reached skill level 6 in Stealth
  1768 | D:3      | Reached skill level 1 in Ice Magic
  1775 | D:3      | Noticed Terence
  1825 | D:3      | Slain by Terence

Skill      XL: |  1  2  3  4 |
---------------+-------------+-----
Hexes          | 4 |  4.2
Stealth        | 5 6 |  6.1
Spellcasting   | 3 |  3.5
Ice Magic      | 1 |  1.0
Fighting       | |  0.2
Short Blades   | |  1.4
Dodging        | |  3.8

Action                   |  1- 3 |  4- 6 || total
-------------------------+-------+-------++-------
Melee: Dagger            |    85 |    66 ||   151
 Cast: Corona            |     9 |       ||     9
       Ensorcelled Hiber |    19 |    20 ||    39
 Stab: Sleeping          |    25 |    19 ||    44
Armor: Robe              |    10 |     4 ||    14
Dodge: Dodged            |    77 |    39 ||   116
